 Dungeon Crawl Stone Soup version 0.29.0-11-gd7f09526c8 (webtiles) character file.

Game seed: 5580307588278659431

7401 sanka the Unseen (level 10, -6/51 HPs)
             Began as a Spriggan Enchanter on Sept 3, 2022.
             Was a Follower of Uskayaw.
             Killed from afar by an acid dragon (37 damage)
             ... with a splash of acid
             ... on level 9 of the Dungeon.
             The game lasted 00:26:55 (14207 turns).

sanka the Unseen (Spriggan Enchanter)              Turns: 14207, Time: 00:26:56

Health: -6/51      AC:  2    Str:  4    XL:     10   Next: 92%
Magic:  15/17      EV: 38    Int: 33    God:    Uskayaw [*.....]
Gold:   498        SH:  0    Dex: 16    Spells: 9/17 levels left

rFire   . . .      SeeInvis +   a - +1 dagger (speed)
rCold   . . .      Faith    .   I - orb {guile}
rNeg    . . .      Spirit   .   b - +0 robe
rPois   .          Reflect  .   (helmet restricted)
rElec   .          Harm     .   (no cloak)
rCorr   .          Rampage  .   (gloves unavailable)
Will    .....                   (boots unavailable)
Stlth   ++++++....              G - amulet of the acrobat
HPRegen 0.17/turn               D - +6 ring of intelligence
MPRegen 0.15/turn               k - +6 ring of intelligence

@: acrobatic, very quick
A: very small, no large weapons, unfitting armour, see invisible, speed 3
a: Renounce Religion, Stomp


You were on level 9 of the Dungeon.
You worshipped Uskayaw.
Uskayaw was noncommittal.
You visited 2 branches of the dungeon, and saw 10 of its levels.
You also visited: Bailey.

You collected 498 gold pieces.


Innate Abilities, Weirdness & Mutations

You are very small and have problems with some larger weapons.
You are too small for most types of armour.
You have supernaturally acute eyesight. (SInv)
You cover ground extremely quickly. (Speed+++)


   Skills:
 + Level 5.3 Fighting
 - Level 8.0 Short Blades
 + Level 10.5 Dodging
 - Level 15.0 Stealth
 - Level 4.0 Spellcasting
 - Level 8.0 Hexes


You had 9 spell levels left.
You knew the following spells:

 Your Spells              Type           Power      Damage    Failure   Level
x - Tukima's Dance        Hex            56%        N/A       1%          3
z - Ensorcelled Hibernat  Hex/Ice        66%        N/A       1%          2
Z - Confusing Touch       Hex            56%        N/A       1%          3

Your spell library contained the following spells:

 Spells                   Type           Power      Damage    Failure   Level
 Dazzling Flash           Conj/Hex       66%        N/A       3%          3
 Inner Flame              Hex/Fire       33%        N/A       3%          3
 Foxfire                  Conj/Fire      24%        2x1d5     5%          1
 Shock                    Conj/Air       24%        1d4       5%          1
 Conjure Flame            Conj/Fire      6%         6-21      16%         3
 Ignite Poison            Fire/Tmut/Pois 6%         N/A       16%         3
 Swiftness                Air            6%         N/A       16%         3
 Airstrike                Air            3%         2d(1-17)  45%         4
 Flame Wave               Conj/Fire      6%         2d5       45%         4
 Sticky Flame             Conj/Fire      6%         2d3       45%         4
 Summon Lightning Spire   Summ/Air       6%         N/A       45%         4
 Lightning Bolt           Conj/Air       3%         1d14      82%         5

Inventory:

Hand Weapons
 a - a +1 dagger of speed (weapon)
Missiles
 u - 3 throwing nets {=f}
Armour
 b - a +0 robe (worn)
 o - a +0 buckler
 H - the +1 cloak of Starlight {*Dazzle EV+4 Stlth--}

   It may blind those who miss an attack against the wearer in melee combat.
   EV:        It affects your evasion (+4).
   Stlth:     It makes you much less stealthy.
 I - an orb of guile (worn)
Magical Staves
 v - a staff of cold
Jewellery
 k - a +6 ring of intelligence (right hand)
 q - an amulet of reflection
 D - a +6 ring of intelligence (left hand)
 G - an amulet of the acrobat (around neck)
 J - a ring of ice
Wands
 p - a wand of paralysis (20)
Scrolls
 d - 3 scrolls of amnesia
 f - a scroll of enchant armour {unknown}
 h - 6 scrolls of teleportation {@r4}
 l - a scroll of poison {!r}
 m - 2 scrolls of blinking
 r - a scroll of silence {!r}
 s - 2 scrolls of fear
 w - 2 scrolls of magic mapping
 y - 2 scrolls of vulnerability {!r}
 A - 2 scrolls of noise {!r}
 E - 2 scrolls of enchant weapon
 F - a scroll of brand weapon
 L - 2 scrolls of identify {@r1}
Potions
 c - 3 potions of invisibility
 e - a potion of curing {unknown}
 g - 2 potions of cancellation {unknown}
 i - a potion of haste {unknown}
 j - 5 potions of attraction {!q}
 n - 3 potions of mutation {unknown}
 t - 4 potions of might
 x - a potion of degeneration {unknown}
 z - a potion of lignification {unknown}
 B - a potion of brilliance {unknown}
 C - 3 potions of heal wounds {unknown}
 K - a potion of magic {unknown}

Dungeon Overview and Level Annotations

Branches:
Dungeon (9/15)             Temple (1/1) D:4            Lair (0/5) D:9
 Bailey (visited)
    Orc: D:9-12

Altars:
Ashenzari
Cheibriados
Dithmenos
Elyvilon
Gozag
Hepliaklqana
Kikubaaqudgha
Makhleb
Okawaru
Qazlal
Sif Muna
Uskayaw
Wu Jian
Xom
Yredelemnul
Zin
The Shining One

Shops:
D:3 :[   D:6 (=

Annotations:
D:3 1 runed translucent door, Golzeb's ghost, amateur DrCj
D:5 exclusion: door
D:9 3 transporters

.....~.~≈~.....~≈≈≈≈. ▒▒▒▒▒
.......~~.~.>..≈≈≈≈~▒▒▒.....
.......≈~~....~≈≈≈≈≈........
......~≈~~.~.~.~≈≈≈~........
........~≈≈~~≈~≈~D~~<.......
........≈≈≈~≈≈~~~..~........
.......~≈~~.~≈≈≈~.~........▒
......~..~.~~~≈≈~...▒▒▒....▒
...........~.~.~i.....▒....▒
.............~....~...▒....▒▒
......................▒......
.......▒....+.........'..>...
.......▒▒▒..▒.........▒....
.........▒..▒▒▒▒......▒...
.........▒.....▒......▒'▒▒▒▒.
.....[...▒.....▒.............
.........▒.....▒...........(.


You could see an acid dragon (catching breath).


Message History

You start resting.
An electric eel is nearby!
Found 2 stones.
You start resting.
A killer bee is nearby!
You start resting.
A killer bee is nearby!
You start resting.
HP restored.
The electric eel shoots out a bolt of lightning at you!
The bolt of electricity hits you.
An acid dragon comes into view.
The electric eel shoots out a bolt of lightning at you!
The bolt of electricity misses you. The acid dragon spits acid at you.
The splash of acid hits you!
You hear a howl!
You hear a howl!
You hear a howl!
Unknown command.
Unknown command.
The electric eel looks drowsy...
A wolf comes into view.
The helpless electric eel fails to defend itself.
You spit the electric eel like a pig!!!!
You kill the electric eel!
The acid dragon spits acid at you. The splash of acid hits you!!!
Ouch! That really hurt!
You die...

Action                   |  1- 3 |  4- 6 |  7- 9 | 10-12 || total
-------------------------+-------+-------+-------+-------++-------
Melee: Dagger            |    88 |   115 |   268 |   141 ||   612
       Punch             |     2 |     1 |     1 |       ||     4
 Cast: Ensorcelled Hiber |     9 |    52 |    57 |    59 ||   177
       Confusing Touch   |       |     2 |    20 |    22 ||    44
       Tukima's Dance    |       |     1 |     2 |       ||     3
  Use: Scroll            |       |       |    13 |       ||    13
 Stab: Sleeping          |     9 |    41 |    67 |    39 ||   156
       Distracted        |     1 |     1 |     1 |       ||     3
       Confused          |       |     2 |    20 |    19 ||    41
       Paralysed         |       |       |     4 |     4 ||     8
Armor: Robe              |     3 |     4 |     9 |     5 ||    21
Dodge: Dodged            |    48 |    69 |   176 |   126 ||   419
Block: Other             |       |     7 |     9 |       ||    16
       Reflection        |       |       |     2 |       ||     2

Levels and vault maps discovered:
D:1:      minmay_arrival_radiant_lines, layout_loops_cross, minmay_lizard_king
D:2:      layout_rooms, basic_altar, uniq_jessica, uniq_robin
D:3:      layout_loops_ring, ebering_ghost_inner_flame, serial_shops, shop,
          nicolae_shop_waterfront, shapermc_ecumenical_altar_pompeii,
          minivault_11, item_on_display_a
D:4:      minmay_bubble_buster, layout_basic, minmay_temple_entry_statues
D:5:      minmay_recursive_quarters, layout_basic, led_sif_book
D:6:      hellmonk_ruined_rings, layout_basic, serial_shops,
          nicolae_shop_bloodbath_and_beyond, kennysheep_mini
D:7:      layout_loops_ring, enter_bailey_3, grunt_ministairs_9, uniq_maggie,
          uniq_joseph
D:8:      layout_loops_cross, minivault_24, dreamdust_princess_bridge,
          uniq_prince_ribbit1
D:9:      layout_gridville, grunt_temple_overflow_open, erik_lair_island,
          serial_park_tiny_2, kennysheep_cross_room, nicolae_diode_intersection,
          uniq_grum
Temple:   lightli_temple_of_artemis

Notes
Turn   | Place    | Note
-------+----------+-------------------------------------------
     0 | D:1      | sanka the Spriggan Enchanter began the quest for the Orb.
     0 | D:1      | Reached XP level 1. HP: 9/9 MP: 5/5
   490 | D:1      | Reached XP level 2. HP: 4/13 MP: 6/6
   705 | D:1      | Reached skill level 5 in Stealth
   992 | D:1      | Learned a level 2 spell: Ensorcelled Hibernation
  1034 | D:1      | Reached skill level 2 in Short Blades
  1382 | D:2      | Reached XP level 3. HP: 11/16 MP: 2/8
  1519 | D:2      | Noticed Jessica
  1526 | D:2      | Killed Jessica
  1527 | D:2      | Reached skill level 6 in Stealth
  1572 | D:2      | Reached skill level 3 in Short Blades
  1835 | D:2      | Reached XP level 4. HP: 20/21 MP: 6/9
  1848 | D:2      | Identified the -1 helmet "Xunnikh" {Rampage rElec Will-}
  1848 | D:2      | Noticed Robin
  2012 | D:1      | Killed Robin
  2449 | D:2      | Found an ornate altar of the Wu Jian Council.
  2796 | D:1      | Learned a level 3 spell: Confusing Touch
  2800 | D:1      | Learned a level 3 spell: Tukima's Dance
  3182 | D:3      | Reached skill level 7 in Stealth
  3256 | D:3      | Found Udoasub's Armour Shop.
  3491 | D:3      | Reached XP level 5. HP: 24/24 MP: 10/10
  3709 | D:3      | Reached skill level 4 in Short Blades
  3814 | D:3      | Found Uzoa's Book Boutique.
  3998 | D:3      | Found a runed translucent door.
  4000 | D:3      | Noticed Golzeb's ghost (amateur DrCj)
  4010 | D:3      | Found a faded altar of an unknown god.
  4499 | D:4      | Reached skill level 8 in Stealth
  4499 | D:4      | Reached XP level 6. HP: 28/28 MP: 11/11
  4511 | D:4      | Reached skill level 5 in Short Blades
  4511 | D:4      | Reached skill level 3 in Spellcasting
  4511 | D:4      | Reached skill level 4 in Hexes
  4815 | D:5      | Entered Level 5 of the Dungeon
  4870 | D:5      | Noticed an ice beast
  4892 | D:5      | Killed an ice beast
  4893 | D:5      | Reached skill level 4 in Spellcasting
  4893 | D:5      | Reached skill level 5 in Hexes
  4893 | D:5      | Reached XP level 7. HP: 18/32 MP: 10/14
  5315 | D:5      | Found a shimmering blue altar of Sif Muna.
  5349 | D:5      | Reached skill level 6 in Hexes
  5499 | D:4      | Found a staircase to the Ecumenical Temple.
  5511 | Temple   | Entered the Ecumenical Temple
  5602 | Temple   | Became a worshipper of Uskayaw the Reveller
  5731 | D:4      | Reached * piety under Uskayaw
  5926 | D:4      | Reached skill level 7 in Hexes
  6059 | D:5      | Reached skill level 8 in Hexes
  6062 | D:5      | Reached ** piety under Uskayaw
  6063 | D:5      | Reached skill level 3 in Dodging
  6163 | D:5      | Reached skill level 1 in Fighting
  6163 | D:5      | Reached XP level 8. HP: 37/37 MP: 10/15
  6248 | D:5      | Reached skill level 4 in Dodging
  6468 | D:5      | Reached skill level 2 in Fighting
  6786 | D:5      | Reached skill level 5 in Dodging
  7176 | D:6      | Reached skill level 3 in Fighting
  7232 | D:6      | Found Cuck's Weapon Shoppe.
  7254 | D:6      | Identified the +0 leather armour "Haschem" {Regen+ Dex+8}
  7348 | D:6      | Reached skill level 6 in Dodging
  7555 | D:6      | Reached skill level 7 in Dodging
  7837 | D:6      | Found Veczoeli's Jewellery Shoppe.
  8314 | D:7      | Reached skill level 8 in Dodging
  8324 | D:7      | Reached *** piety under Uskayaw
  8352 | D:7      | Noticed Joseph
  8373 | D:7      | Killed Joseph
  8374 | D:7      | Reached skill level 6 in Short Blades
  8374 | D:7      | Reached skill level 9 in Stealth
  8374 | D:7      | Reached XP level 9. HP: 42/44 MP: 4/16
  8460 | D:7      | Reached **** piety under Uskayaw
  8518 | D:7      | Reached skill level 10 in Stealth
  8528 | D:7      | Identified +0 acid dragon scales
  8528 | D:7      | Noticed Maggie
  8803 | D:7      | Killed Maggie
  8804 | D:7      | Reached skill level 7 in Short Blades
  8868 | D:7      | Found a flagged portal.
  9040 | Bailey   | Entered a bailey
  9250 | Bailey   | Reached skill level 11 in Stealth
  9541 | Bailey   | Noticed a gargoyle
  9585 | Bailey   | Killed a gargoyle
  9586 | Bailey   | Reached skill level 8 in Short Blades
  9586 | Bailey   | Reached skill level 12 in Stealth
  9920 | Bailey   | Found the +1 cloak of Starlight {*Dazzle EV+4 Stlth--}
 10081 | Bailey   | Identified the +2 plate armour of Duty {rF+ rCorr}
 10207 | D:7      | Reached skill level 13 in Stealth
 10211 | D:7      | Reached XP level 10. HP: 49/49 MP: 12/17
 10221 | D:7      | Reached skill level 14 in Stealth
 10830 | D:8      | Reached skill level 15 in Stealth
 11321 | D:8      | Reached skill level 9 in Dodging
 11377 | D:8      | Reached skill level 4 in Fighting
 11479 | D:8      | Noticed Prince Ribbit
 11485 | D:8      | Killed Prince Ribbit
 12261 | D:9      | Found a staircase to the Lair.
 12526 | D:8      | Reached skill level 5 in Fighting
 12526 | D:8      | Reached skill level 10 in Dodging
 12889 | D:9      | Found a transporter.
 13724 | D:9      | Found a transporter.
 13726 | D:9      | Found a transporter.
 14207 | D:9      | Killed from afar by an acid dragon

Vanquished Creatures
  Joseph (D:7)
  A gargoyle (Bailey)
  Maggie (D:7)
  A troll (D:8)
  Prince Ribbit (D:8)
  A vampire (Bailey)
  A wyvern (D:8)
  A shadow (D:9)
  9 yaks
  2 water moccasins
  An orc warrior (D:8)
  5 ice beasts
  4 black bears
  2 ogres
  2 wolves (D:8)
  A kobold brigand (D:7)
  A bullfrog (D:6)
  A necrophage (D:4)
  3 scorpions
  12 wights
  A killer bee (D:8)
  A howler monkey (D:4)
  4 electric eels (D:9)
  6 vampire bats (Bailey)
  5 wolf zombies (Bailey)
  8 hounds
  3 orc priests
  2 gnoll boudas (D:8)
  3 jellies
  7 iguanas
  Jessica (D:2)
  7 orc wizards
  Robin (D:1)
  16 gnolls
  9 adders
  A shadow imp (D:6)
  2 white imps (D:7)
  A worm (D:2)
  5 dart slugs
  21 orcs
  6 ball pythons
  5 bats
  7 endoplasms
  2 giant cockroaches
  17 goblins
  6 hobgoblins
  4 jackals (D:2)
  A quokka (D:1)
  11 frilled lizards
  10 kobolds
  18 orc zombies (Bailey)
  3 rats
245 creatures vanquished.

Vanquished Creatures (others)
  An orc (D:7)
  10 plants (D:1)
11 creatures vanquished.

Grand Total: 256 creatures vanquished
